 Dungeon Crawl Stone Soup version 0.29.1-12-g30fa7ad0bf (webtiles) character file.

Game seed: 2167180702489484291

648 Rrauwl the Cudgeller (level 7, -4/40 HPs)
             Began as a Gargoyle Artificer on Dec 23, 2022.
             Was an Elder of Ru.
             Killed from afar by Dowan (14 damage)
             ... with a shard of ice
             ... on level 4 of the Dungeon.
             The game lasted 00:13:33 (4432 turns).

Rrauwl the Cudgeller (Gargoyle Artificer)           Turns: 4432, Time: 00:13:35

Health: -4/40      AC: 11    Str: 17      XL:     7   Next: 53%
Magic:  7/7        EV: 11    Int: 10 (12) God:    Ru [****..]
Gold:   187        SH:  0    Dex: 16      Spells: 6/6 levels left

rFire   . . .      SeeInvis .   a - +0 whip (vamp)
rCold   . . .      Faith    .   (no shield)
rNeg    + . .      Spirit   .   b - +0 leather armour
rPois   ∞          Reflect  .   h - +0 helmet
rElec   +          Harm     .   (no cloak)
rCorr   .          Rampage  .   g - +1 pair of gloves
Will    .....                   (no boots)
Stlth   ++........              (no amulet)
HPRegen 0.13/turn               m - +6 ring of dexterity
MPRegen 0.10/turn               (no ring)

@: on berserk cooldown, slowed, very slow
A: sickness immunity, AC +4, negative energy resistance 1, electricity
resistance, torment resistance 1, petrification resistance, inability to use
devices, weak-willed 1
a: Renounce Religion, Draw Out Power, Power Leap


You were on level 4 of the Dungeon.
You worshipped Ru.
Ru was greatly pleased with you.
You visited 1 branch of the dungeon, and saw 5 of its levels.

You collected 187 gold pieces.

Inventory:

Hand Weapons
 a - a +0 vampiric whip (weapon)
Armour
 b - a +0 leather armour (worn)
 g - a +1 pair of gloves (worn)
 h - a +0 helmet (worn)
Jewellery
 m - a +6 ring of dexterity (left hand)
Scrolls
 c - a scroll of teleportation
 e - a scroll of immolation {unknown}
 j - 6 scrolls of identify
 l - a scroll of amnesia
Potions
 i - a potion of cancellation
 k - a potion of attraction


   Skills:
 - Level 2.0 Fighting
 + Level 7.1 Maces & Flails
 - Level 3.0 Armour
 - Level 1.0 Dodging
 - Level 2.0 Stealth


You had 6 spell levels left.
You didn't know any spells.
Your spell library contained the following spells:

 Spells                   Type           Power      Damage    Failure   Level
 Static Discharge         Conj/Air       0%         3-3/arc   56%         2
 Dispel Undead            Necr           0%         3d6       99%         4
 Sticky Flame             Conj/Fire      0%         2d3       99%         4
 Freezing Cloud           Conj/Ice/Air   0%         6-21      100%        5
 Simulacrum               Ice/Necr       0%         N/A       100%        6
 Fire Storm               Conj/Fire      0%         5d1       100%        9


Dungeon Overview and Level Annotations

Branches:
Dungeon (5/15)             Temple (0/1) D:4

Altars:
Ashenzari
Ru

Annotations:
D:4 Blork the orc, Dowan


Innate Abilities, Weirdness & Mutations

You are immune to sickness and miasma.
Your stone body is resilient. (AC +4)
You are immune to poison.
You resist negative energy. (rN+)
You are resistant to electric shocks. (rElec)
You are resistant to unholy torment.
You are immune to petrification.
You cannot study or use magical devices.
You are slightly weak-willed. (Will-)


Message History

Dowan hits you but does no damage.
You whack the endoplasm!
You feel better.
You kill the endoplasm!
You feel a strong urge to attack something.
You feel your anger nearly subside.
You are no longer berserk.
You are exhausted.
You feel yourself slow down.
You hit Dowan but do no damage. Dowan hits you but does no damage.
Dowan closely misses you.
You barely miss Dowan. Dowan hits you with a +0 trident.
* * * LOW HITPOINT WARNING * * *
Dowan barely misses you.
Okay, then.
You closely miss Dowan.
You redirect Dowan's attack!
Dowan hits you but does no damage.
You hit Dowan.
You feel better.
Dowan is lightly wounded.
You redirect Dowan's attack!
Dowan barely misses something.
You redirect Dowan's attack!
Dowan mumbles some strange words.
Dowan blinks!
You hit the hound zombie.
The hound zombie is heavily damaged.
Dowan casts a spell.
Dowan blinks!
The hound zombie bites you but does no damage.
Dowan begins to cast a spell, but is stunned by your conviction!
You hit the hound zombie.
The hound zombie is heavily damaged.
The hound zombie closely misses you.
The hound zombie bites you but does no damage.
You barely miss the hound zombie.
The hound zombie is heavily damaged.
Dowan begins to cast a spell, but is stunned by your conviction!
The hound zombie bites you but does no damage.
Dowan gestures at you while chanting. The shard of ice hits you!
You die...

##..###.# #..<....#
#.......# ###..$....#
..!......### .....
#.....e.... .....
...#...§...## ### .
.....
..###.......###.. ..
..... ..
##....@#....##...
.....
...#..Z##.#......)
..... #.####)Z.#.....#
.....
..###....#e###..>..#
.... #.......e§§.#
#.....#####...........
#.....M#........).#.##
#......#.##....##...#
#......#.##.........#


You could see Dowan (fast) and a hound zombie.

Vanquished Creatures
  Grinder (D:3)
  Menkaure (D:4)
  Duvessa (D:4)
  A centaur zombie (D:4)
  An iguana (D:5)
  Robin (D:3)
  A gnoll (D:4)
  6 adders
  An ufetubus (D:4)
  An adder zombie (D:4)
  A worm (D:3)
  A dart slug (D:4)
  An orc (D:4)
  3 endoplasms
  13 goblins
  9 hobgoblins
  9 kobolds
  A quokka (D:3)
  6 ball pythons
  4 bats
  5 frilled lizards
  7 rats
75 creatures vanquished.

Vanquished Creatures (others)
  An iguana (D:5)
  A goblin (D:3)
2 creatures vanquished.

Grand Total: 77 creatures vanquished

Notes
Turn   | Place    | Note
-------+----------+-------------------------------------------
     0 | D:1      | Rrauwl the Gargoyle Artificer began the quest for the Orb.
     0 | D:1      | Reached XP level 1. HP: 12/12 MP: 1/1
    32 | D:1      | Found a faded altar of an unknown god.
    43 | D:1      | Prayed at the altar of an unknown god.
    43 | D:1      | Became a worshipper of Ru the Awakened
    50 | D:1      | Gained mutation: You are slightly weak-willed. (Will-) [Ru
                  | sacrifice]
    50 | D:1      | Reached * piety under Ru
   307 | D:1      | Reached skill level 1 in Dodging
   307 | D:1      | Reached XP level 2. HP: 12/16 MP: 2/2
   847 | D:2      | Reached XP level 3. HP: 21/21 MP: 3/3
  1151 | D:2      | Reached skill level 1 in Maces & Flails
  1472 | D:2      | Reached XP level 4. HP: 16/26 MP: 4/4
  1801 | D:2      | Got the Essays on Firn and Striking
  2087 | D:3      | Noticed Grinder
  2097 | D:3      | Killed Grinder
  2098 | D:3      | Reached skill level 4 in Maces & Flails
  2098 | D:3      | Reached XP level 5. HP: 30/30 MP: 5/5
  2098 | D:3      | Reached XP level 6. HP: 35/35 MP: 6/6
  2146 | D:3      | Noticed Robin
  2177 | D:3      | Killed Robin
  2178 | D:3      | Reached skill level 5 in Maces & Flails
  2850 | D:3      | Gained mutation: You cannot study or use magical devices.
                  | [Ru sacrifice]
  2850 | D:3      | Reached ** piety under Ru
  2850 | D:3      | Reached *** piety under Ru
  2850 | D:3      | Reached **** piety under Ru
  3215 | D:4      | Noticed Menkaure
  3299 | D:4      | Noticed Duvessa
  3299 | D:4      | Noticed Dowan
  3301 | D:4      | Noticed Blork the orc
  3375 | D:3      | You fall into a shaft and drop 2 floors!
  3375 | D:5      | Entered Level 5 of the Dungeon
  3377 | D:5      | Found a broken altar of Ashenzari.
  4122 | D:4      | Killed Menkaure
  4123 | D:4      | Reached skill level 6 in Maces & Flails
  4123 | D:4      | Reached XP level 7. HP: 16/40 MP: 7/7
  4384 | D:4      | Found a staircase to the Ecumenical Temple.
  4418 | D:4      | Killed Duvessa
  4419 | D:4      | Reached skill level 7 in Maces & Flails
  4432 | D:4      | Killed from afar by Dowan

Illustrated notes

Levels and vault maps discovered:
D:1:      dpeg_arrival_fog, layout_rooms, basic_ecumenical_altar,
          minmay_misc_feat_more_columns
D:2:      layout_basic
D:3:      layout_basic, uniq_grinder, uniq_robin
D:4:      layout_rooms, nicolae_yredelemnul_corpse_copse, grunt_gozag_statues,
          minmay_temple_entry_purple_smoke, gammafunk_ghost_mausoleum,
          minmay_cupped, uniq_blork_the_orc, uniq_menkaure, uniq_duvessa
D:5:      layout_rooms, nicolae_ashenzari_panopticon, kennysheep_minor_cross,
          minmay_hedge_maze, uniq_eustachio

Skill      XL: |  1  2  3  4  5  6  7 |
---------------+----------------------+-----
Dodging        | 1 |  1.0
Maces & Flails | 1 4 6 7 |  7.1
Fighting       | 2 |  2.0
Evocations     | 3 0 |  0.0
Stealth        | 2 |  2.0
Armour         | 3 |  3.0

Action                   |  1- 3 |  4- 6 |  7- 9 || total
-------------------------+-------+-------+-------++-------
Melee: Whip              |   129 |   255 |    38 ||   422
       Punch             |     2 |     5 |     1 ||     8
Invok: Sacrifice Essence |     1 |       |       ||     1
       Sacrifice Artific |       |     1 |       ||     1
Evoke: Wand              |       |    14 |       ||    14
  Use: Scroll            |     2 |     6 |       ||     8
       Potion            |     3 |     4 |     1 ||     8
 Stab: Distracted        |     1 |       |       ||     1
       Sleeping          |     1 |     1 |       ||     2
Armor: Leather armour    |    48 |    97 |     9 ||   154
Dodge: Dodged            |    75 |   143 |     8 ||   226
